ESL (28 & UNDER)
KINGSTON IGUANAS @ MINNESOTA MANBEARPIGS
07/27/2028
 
TOP OF THE 1ST
Kingston Iguanas batting - Pitching for Minnesota ManBearPigs : RHP Claudio Romero
Pitching: RHP Claudio Romero
Batting: RHB Bob Lee 0-0: Called Strike
0-1: Foul Ball, location: 2F
0-2: Strikes out looking
Batting: RHB Francisco Martínez 0-0: Ball
1-0: Ball
2-0: Called Strike
2-1: Foul Ball, location: 2F
2-2: Strikes out swinging
Batting: LHB Jon Quinn 0-0: Called Strike
0-1: Ball
1-1: Ball
2-1: Called Strike
2-2: Ball
3-2: SINGLE (Flyball, 8LS)
Batting: LHB Dusty Wilson 0-0: Called Strike
0-1: SINGLE (Groundball, 23) (infield hit)
Jon Quinn to second
Batting: RHB Tommy Davenport 0-0: Ball
1-0: Called Strike
1-1: Fly out, F8 (Flyball, 8RM)
Top of the 1st over - 0 run(s), 2 hit(s), 0 error(s), 2 left on base; Kingston 0 - Minnesota 0
BOTTOM OF THE 1ST
Minnesota ManBearPigs batting - Pitching for Kingston Iguanas : RHP Paço Boda
Pitching: RHP Paço Boda
Batting: RHB Carlos López 0-0: Ball
1-0: SINGLE (Line Drive, 8LS)
Batting: RHB Tom Hicks 0-0: Ball
1-0: Foul Ball, location: 2F
1-1: Ball
2-1: Foul Ball, location: 2F
2-2: Fly out, F8 (Flyball, 89S)
Batting: LHB Elvin Summers 0-0: Called Strike
0-1: Called Strike
0-2: Ball
1-2: Foul Ball, location: 2F
1-2: Foul Ball, location: 2F
1-2: Fly out, F6 (Line Drive, 6M)
Batting: RHB Jeffrey Hicks 0-0: Ball
1-0: SINGLE (Line Drive, 6M)
Carlos López to second
Batting: RHB Ricardo Salazar 0-0: Ball
1-0: Foul Ball, location: 2F
1-1: Foul Ball, location: 2F
1-2: Ground out 5-3 (Groundball, 56S)
Bottom of the 1st over - 0 run(s), 2 hit(s), 0 error(s), 2 left on base; Kingston 0 - Minnesota 0
TOP OF THE 2ND
Kingston Iguanas batting - Pitching for Minnesota ManBearPigs : RHP Claudio Romero
Batting: SHB Devin Smith 0-0: DOUBLE (Line Drive, 9LM)
Batting: RHB Sergio Mata 0-0: Ball
1-0: Foul Ball, location: 2F
1-1: Ball
2-1: Swinging Strike
2-2: SINGLE (Line Drive, 89S)
Devin Smith to third
Batting: RHB Manuel Gómez 0-0: Ball
Sergio Mata is caught stealing 2nd base
1-0: Called Strike
1-1: Ground out 6-3 (Groundball, 6M)
Devin Smith scores
Batting: SHB John Beach 0-0: Ball
1-0: Called Strike
1-1: Ball
2-1: Ball
3-1: Base on Balls
Batting: RHB Bob Lee 0-0: Ball
1-0: Called Strike
1-1: Swinging Strike
1-2: Ball
2-2: Foul Ball, location: 2F
2-2: Strikes out swinging
Top of the 2nd over - 1 run(s), 2 hit(s), 0 error(s), 1 left on base; Kingston 1 - Minnesota 0
BOTTOM OF THE 2ND
Minnesota ManBearPigs batting - Pitching for Kingston Iguanas : RHP Paço Boda
Batting: RHB Irving Galloway 0-0: Fly out, F9 (Flyball, 89M)
Batting: RHB Luis Maldonado 0-0: Ball
1-0: Ball
2-0: SINGLE (Line Drive, 8RS)
Batting: RHB Juan Trujillo 0-0: Called Strike
0-1: Called Strike
0-2: Fly out, F8 (Flyball, 78M)
Batting: RHB Nicoli Turina 0-0: Foul Ball, location: 2F
0-1: Fly out, F8 (Flyball, 8LD)
Bottom of the 2nd over - 0 run(s), 1 hit(s), 0 error(s), 1 left on base; Kingston 1 - Minnesota 0
TOP OF THE 3RD
Kingston Iguanas batting - Pitching for Minnesota ManBearPigs : RHP Claudio Romero
Batting: RHB Francisco Martínez 0-0: Swinging Strike
0-1: Ground out 6-3 (Groundball, 6)
Batting: LHB Jon Quinn 0-0: Ball
1-0: Foul Ball, location: 2F
1-1: Ball
2-1: Foul Ball, location: 2F
2-2: Ball
3-2: Strikes out swinging
Batting: LHB Dusty Wilson 0-0: Called Strike
0-1: Swinging Strike
0-2: Ball
1-2: Foul Ball, location: 2F
1-2: Ball
2-2: Strikes out swinging
Top of the 3rd over - 0 run(s), 0 hit(s), 0 error(s), 0 left on base; Kingston 1 - Minnesota 0
BOTTOM OF THE 3RD
Minnesota ManBearPigs batting - Pitching for Kingston Iguanas : RHP Paço Boda
Batting: RHB Carlos López 0-0: Called Strike
0-1: Ball
1-1: Swinging Strike
1-2: Ground out 6-3 (Groundball, 6)
Batting: RHB Tom Hicks 0-0: Ball
1-0: Foul Ball, location: 2F
1-1: Called Strike
1-2: Strikes out swinging
Batting: LHB Elvin Summers 0-0: Ball
1-0: Foul Ball, location: 2F
1-1: Ball
2-1: Ball
3-1: Ground out U3 (Groundball, 34)
Bottom of the 3rd over - 0 run(s), 0 hit(s), 0 error(s), 0 left on base; Kingston 1 - Minnesota 0
TOP OF THE 4TH
Kingston Iguanas batting - Pitching for Minnesota ManBearPigs : RHP Claudio Romero
Batting: RHB Tommy Davenport 0-0: Ball
1-0: Called Strike
1-1: Ball
2-1: Ball
3-1: Base on Balls
Batting: SHB Devin Smith Pickoff Throw to First - Out!
0-0: Called Strike
0-1: Ball
1-1: Foul Ball, location: 2F
1-2: Foul Ball, location: 2F
1-2: Strikes out swinging
Batting: RHB Sergio Mata 0-0: Fly out, F4 (Popup, 4)
Top of the 4th over - 0 run(s), 0 hit(s), 0 error(s), 0 left on base; Kingston 1 - Minnesota 0
BOTTOM OF THE 4TH
Minnesota ManBearPigs batting - Pitching for Kingston Iguanas : RHP Paço Boda
Batting: RHB Jeffrey Hicks 0-0: Foul Ball, location: 2F
0-1: Called Strike
0-2: Ball
1-2: Ball
2-2: Strikes out swinging
Batting: RHB Ricardo Salazar 0-0: Fly out, F8 (Flyball, 8LM)
Batting: RHB Irving Galloway 0-0: Ball
1-0: SINGLE (Groundball, 34D)
Batting: RHB Luis Maldonado Pickoff Throw to First - Out!
Bottom of the 4th over - 0 run(s), 1 hit(s), 0 error(s), 0 left on base; Kingston 1 - Minnesota 0
TOP OF THE 5TH
Kingston Iguanas batting - Pitching for Minnesota ManBearPigs : RHP Claudio Romero
Batting: RHB Manuel Gómez 0-0: Ball
1-0: Ball
2-0: Ball
3-0: Called Strike
3-1: Foul Ball, location: 2F
3-2: Ground out 5-3 (Groundball, 5L)
Batting: SHB John Beach 0-0: Swinging Strike
0-1: Ball
1-1: Called Strike
1-2: Strikes out swinging
Batting: RHB Bob Lee 0-0: Called Strike
0-1: SINGLE (Line Drive, 9S)
Batting: RHB Francisco Martínez 0-0: Ball
Bob Lee is caught stealing 2nd base
Top of the 5th over - 0 run(s), 1 hit(s), 0 error(s), 0 left on base; Kingston 1 - Minnesota 0
BOTTOM OF THE 5TH
Minnesota ManBearPigs batting - Pitching for Kingston Iguanas : RHP Paço Boda
Batting: RHB Luis Maldonado 0-0: Swinging Strike
0-1: Foul Ball, location: 2F
0-2: Fly out, F4 (Line Drive, 4)
Batting: RHB Juan Trujillo 0-0: Ground out 1-3 (Groundball, 13S)
Batting: RHB Nicoli Turina 0-0: Called Strike
0-1: SINGLE (Line Drive, 7S)
Batting: RHB Carlos López 0-0: Called Strike
0-1: Foul Ball, location: 2F
0-2: Ball
1-2: Foul Ball, location: 2F
1-2: Ball
2-2: Ball
3-2: Base on Balls
Nicoli Turina to second
Batting: RHB Tom Hicks 0-0: Fly out, F8 (Line Drive, 8RD)
Bottom of the 5th over - 0 run(s), 1 hit(s), 0 error(s), 2 left on base; Kingston 1 - Minnesota 0
TOP OF THE 6TH
Kingston Iguanas batting - Pitching for Minnesota ManBearPigs : RHP Claudio Romero
Batting: RHB Francisco Martínez 0-0: Ball
1-0: Swinging Strike
1-1: Foul Ball, location: 2F
1-2: Foul Ball, location: 2F
1-2: Foul Ball, location: 2F
1-2: Foul Ball, location: 2F
1-2: Ball
2-2: Foul Ball, location: 2F
2-2: Ball
3-2: Ground out 4-3 (Groundball, 4M)
Batting: LHB Jon Quinn 0-0: Ground out 5-3 (Groundball, 56)
Batting: LHB Dusty Wilson 0-0: Ball
1-0: Ball
2-0: Swinging Strike
2-1: Ball
3-1: Base on Balls
Batting: RHB Tommy Davenport 0-0: Ball
1-0: Ball
2-0: Ball
3-0: Called Strike
3-1: Fly out, F9 (Flyball, 9LS)
Top of the 6th over - 0 run(s), 0 hit(s), 0 error(s), 1 left on base; Kingston 1 - Minnesota 0
BOTTOM OF THE 6TH
Minnesota ManBearPigs batting - Pitching for Kingston Iguanas : RHP Paço Boda
Batting: LHB Elvin Summers 0-0: Called Strike
0-1: Fly out, F7 (Flyball, 7)
Batting: RHB Jeffrey Hicks 0-0: Ball
1-0: Ball
2-0: Called Strike
2-1: Ball
3-1: Base on Balls
Batting: RHB Ricardo Salazar 0-0: Ball
1-0: Swinging Strike
1-1: Ball
2-1: Fly out, F8 (Flyball, 8RXD)
Batting: RHB Irving Galloway 0-0: Ball
1-0: Ball
2-0: Ball
Jeffrey Hicks steals 2nd base
3-0: Called Strike
3-1: Ground out 6-3 (Groundball, 56)
Bottom of the 6th over - 0 run(s), 0 hit(s), 0 error(s), 1 left on base; Kingston 1 - Minnesota 0
TOP OF THE 7TH
Kingston Iguanas batting - Pitching for Minnesota ManBearPigs : RHP Claudio Romero
Pitching: RHP Jorge Amador
Batting: SHB Devin Smith 0-0: Foul Ball, location: 2F
0-1: Ball
1-1: Ball
2-1: Foul Ball, location: 2F
2-2: Foul Ball, location: 2F
2-2: Ball
3-2: Foul Ball, location: 2F
3-2: Base on Balls
Pinch Hitting: LHB Billy Anderson 0-0: Ball
1-0: Ball
2-0: Bunted foul
2-1: Bunt missed!
2-2: Foul Ball, location: 2F
2-2: Foul Ball, location: 2F
2-2: Strikes out swinging
Pinch Hitting: LHB Gustavo Gómez 0-0: Ball
1-0: Ball
Wild Pitch!
Devin Smith to second
2-0: Intentional Walk
Batting: SHB John Beach 0-0: Called Strike
0-1: Ball
1-1: Foul Ball, location: 2F
1-2: Ball
2-2: Strikes out looking
Batting: RHB Bob Lee 0-0: Foul Ball, location: 2F
0-1: Swinging Strike
0-2: Strikes out swinging
Top of the 7th over - 0 run(s), 0 hit(s), 0 error(s), 2 left on base; Kingston 1 - Minnesota 0
BOTTOM OF THE 7TH
Minnesota ManBearPigs batting - Pitching for Kingston Iguanas : RHP Paço Boda
Now at 2B: Ken MacDonald
Now at SS: Júlio Valentín
Batting: RHB Luis Maldonado 0-0: Swinging Strike
0-1: Ball
1-1: Ball
2-1: Ball
3-1: Foul Ball, location: 2F
3-2: Foul Ball, location: 2F
3-2: Strikes out looking
Batting: RHB Juan Trujillo 0-0: Swinging Strike
0-1: Foul Ball, location: 2F
0-2: Ball
1-2: Ball
2-2: Ball
3-2: Base on Balls
Batting: RHB Nicoli Turina 0-0: Ball
1-0: Ball
2-0: Ground out 5-3 (Groundball, 56S)
Juan Trujillo to second
Pitching: RHP Kel Meyer
Pinch Hitting: LHB Ramiro Muñóz 0-0: Ball
1-0: Ball
2-0: Ball
3-0: Called Strike
3-1: Base on Balls
Pinch Hitting: SHB William Hamilton 0-0: Ground out 4-3 (Groundball, 4S)
Bottom of the 7th over - 0 run(s), 0 hit(s), 0 error(s), 2 left on base; Kingston 1 - Minnesota 0
TOP OF THE 8TH
Kingston Iguanas batting - Pitching for Minnesota ManBearPigs : RHP Jorge Amador
Now at 3B: Ramiro Muñóz
Now at SS: Juan Carlos González
Batting: RHB Francisco Martínez 0-0: SOLO HOME RUN (Flyball, 7D), Distance : 374 ft
Batting: LHB Jon Quinn 0-0: Ball
1-0: Swinging Strike
1-1: Called Strike
1-2: Foul Ball, location: 2F
1-2: Foul Ball, location: 2F
1-2: Ball
2-2: Foul Ball, location: 2F
2-2: Strikes out swinging
Batting: LHB Dusty Wilson 0-0: Ball
1-0: Swinging Strike
1-1: Foul Ball, location: 2F
1-2: Strikes out swinging
Batting: RHB Tommy Davenport 0-0: Ball
1-0: SINGLE (Groundball, 6MD)
Batting: SHB Devin Smith 0-0: Ball
1-0: Ball
2-0: Ball
3-0: Called Strike
3-1: Swinging Strike
3-2: Base on Balls
Tommy Davenport to second
Batting: RHB Ken MacDonald 0-0: Ball
1-0: Called Strike
1-1: Foul Ball, location: 2F
1-2: Strikes out swinging
Top of the 8th over - 1 run(s), 2 hit(s), 0 error(s), 2 left on base; Kingston 2 - Minnesota 0
BOTTOM OF THE 8TH
Minnesota ManBearPigs batting - Pitching for Kingston Iguanas : RHP Kel Meyer
Batting: LHB Elvin Summers 0-0: Ball
1-0: Called Strike
1-1: SINGLE (Flyball, 8LS)
Batting: RHB Jeffrey Hicks 0-0: Ball
1-0: Foul Ball, location: 2F
1-1: Swinging Strike
1-2: Grounds into double play, 4-6-3 (Groundball, 4)
Batting: RHB Ricardo Salazar 0-0: Fly out, F7 (Flyball, 78D)
Bottom of the 8th over - 0 run(s), 1 hit(s), 0 error(s), 0 left on base; Kingston 2 - Minnesota 0
TOP OF THE 9TH
Kingston Iguanas batting - Pitching for Minnesota ManBearPigs : RHP Jorge Amador
Batting: SHB Júlio Valentín 0-0: Ball
1-0: Ball
2-0: Foul Ball, location: 2F
2-1: Foul Ball, location: 2F
2-2: Ball
3-2: Foul Ball, location: 2F
3-2: Strikes out swinging
Pitching: RHP Claudio Ramírez
Batting: SHB John Beach 0-0: Foul Ball, location: 2F
0-1: Ball
1-1: Ball
2-1: Ground out 3-1 (Groundball, 2R)
Batting: RHB Bob Lee 0-0: Foul Ball, location: 2F
0-1: Ball
1-1: Ball
2-1: Ball
3-1: Called Strike
3-2: Strikes out swinging
Top of the 9th over - 0 run(s), 0 hit(s), 0 error(s), 0 left on base; Kingston 2 - Minnesota 0
BOTTOM OF THE 9TH
Minnesota ManBearPigs batting - Pitching for Kingston Iguanas : RHP Kel Meyer
Pitching: RHP Guo-fang Juan
Batting: RHB Irving Galloway 0-0: Called Strike
0-1: Foul Ball, location: 2F
0-2: Foul Ball, location: 2F
0-2: Fly out, F9 (Flyball, 9)
Batting: RHB Luis Maldonado 0-0: Called Strike
0-1: Foul Ball, location: 2F
0-2: Strikes out swinging
Batting: RHB Juan Trujillo 0-0: Called Strike
0-1: Ball
1-1: Fly out, F8 (Flyball, 8LS)
Bottom of the 9th over - 0 run(s), 0 hit(s), 0 error(s), 0 left on base; Kingston 2 - Minnesota 0
Tuesday, August 8th, 2017 - OOTP Baseball 17.12 Build 75